AoeStats
← HANNiBAL_iS_BACK

Arena

506479440Analyzed
4v4 RM · 19d ago on Sep 13, 2026· 55m 7s· 8 players
Game mode
Random Map
Map size
Large (8 player)
Population
200
Speed
Normal
Resources
Standard
Victory
Conquest
Starting age
Dark Age
Ending age
Imperial Age
RankedLock teamsTeams togetherTeam positionsShared explorationLock speedFull tech treeHidden civsTurbo modeCheats
Victory
Defeat
🇩🇪 Bulgarians · Germany
949
+15
🇭🇺 Vietnamese · Hungary
933
+16
🇪🇸 Britons · Spain
928
+16
🇪🇸 Persians · Spain
901
+17
🇩🇪 Japanese · Germany
978
-18
🇩🇪 Persians · Germany
977
-17
🇹🇷 Chinese · Türkiye
893
-15
🇺🇸 Teutons · United States
875
-14
Kaparso
10:16 Feudal Age
11:20 Double-Bit Axe
16:18 Castle Age
14:34 Horse Collar
19:37 Fletching
19:49 Padded Archer Armor
19:44 Loom
21:14 Wheelbarrow
22:42 Town Watch
23:07 Bodkin Arrow
32:56 Imperial Age
34:05 Conscription
34:39 Ballistics
35:19 Chemistry
34:31 Masonry
36:38 Elite Longbowman
37:41 Yeomen
37:47 Yeomen
41:12 Murder Holes
42:47 Caravan
46:05 Light Cavalry
50:06 Scale Barding Armor
50:12 Forging
50:03 Bracer
50:20 Leather Archer Armor
56:02 Ring Archer Armor
55:53 Chain Barding Armor
Harjeim
10:15 Feudal Age
11:40 Wheelbarrow
14:31 Castle Age
12:40 Double-Bit Axe
13:21 Horse Collar
16:21 Loom
24:15 Forging
24:10 Scale Barding Armor
24:44 Husbandry
26:26 Bloodlines
26:22 Gold Mining
26:23 Stone Mining
26:52 Bow Saw
26:48 Heavy Plow
29:24 Stone Shaft Mining
29:25 Gold Shaft Mining
33:11 Imperial Age
30:56 Hand Cart
34:30 Chemistry
33:51 Ballistics
33:42 Masonry
33:29 Murder Holes
33:55 Chain Barding Armor
34:10 Iron Casting
33:26 Fletching
33:36 Padded Archer Armor
33:37 Scale Mail Armor
33:09 Cavalier
35:08 Plate Barding Armor
34:56 Savar
37:05 Kamandaran
37:25 Conscription
37:14 Bodkin Arrow
38:10 Crossbowman
38:56 Thumb Ring
40:04 Blast Furnace
40:10 Elite Skirmisher
48:30 Leather Archer Armor
48:30 Chain Mail Armor
48:49 Architecture
HANNiBAL_iS_BACK
2:29 Loom
8:50 Loom
10:57 Feudal Age
12:35 Loom
15:19 Castle Age
13:33 Horse Collar
14:01 Double-Bit Axe
22:56 Forging
25:23 Stone Mining
25:24 Gold Mining
25:49 Scale Barding Armor
26:21 Heavy Plow
27:21 Fletching
30:51 Chain Barding Armor
31:06 Iron Casting
35:31 Imperial Age
33:16 Bow Saw
34:54 Wheelbarrow
34:04 Town Watch
34:32 Scale Mail Armor
34:46 Bloodlines
34:37 Husbandry
34:26 Gambesons
34:41 Squires
34:26 Arson
36:21 Heavy Scorpion
38:44 Blast Furnace
38:00 Chain Mail Armor
38:21 Plate Barding Armor
38:03 Bodkin Arrow
38:48 Crop Rotation
39:03 Gold Shaft Mining
39:04 Stone Shaft Mining
39:32 Conscription
39:36 Bagains
41:12 Hand Cart
41:45 Plate Mail Armor
42:10 Ballistics
42:54 Chemistry
44:40 Siege Engineers
45:09 Ballistics
46:20 Town Patrol
46:36 Masonry
Terminor
0:28 Loom
10:59 Feudal Age
12:00 Double-Bit Axe
18:28 Castle Age
20:10 Stone Mining
26:25 Wheelbarrow
32:34 Imperial Age
29:56 Horse Collar
30:47 Gold Mining
31:35 Stone Shaft Mining
31:46 Ballistics
31:25 Murder Holes
31:26 Fletching
31:37 Padded Archer Armor
34:18 Bow Saw
34:11 Heavy Plow
34:50 Hand Cart
35:16 Bodkin Arrow
36:41 Paper Money
36:31 Bracer
37:52 Thumb Ring
38:06 Leather Archer Armor
38:50 Bloodlines
38:40 Husbandry
40:04 Two-Man Saw
42:23 Ring Archer Armor
41:59 Scale Barding Armor
42:05 Forging
43:08 Chemistry
42:14 Siege Engineers
43:58 Hoardings
43:45 Cavalier
43:47 Light Cavalry
44:52 Chain Barding Armor
45:08 Iron Casting
47:03 Plate Barding Armor
47:12 Elite Rattan Archer
Hank
11:04 Feudal Age
9:19 Loom
12:45 Double-Bit Axe
14:10 Horse Collar
17:14 Castle Age
18:16 Bow Saw
19:16 Heavy Plow
19:19 Crossbowman
20:47 Squires
20:43 Fletching
21:34 Pikeman
22:28 Gold Mining
23:46 Padded Archer Armor
23:46 Scale Mail Armor
24:45 Gold Shaft Mining
24:09 Gambesons
27:56 Wheelbarrow
27:40 Elite Skirmisher
30:24 Bodkin Arrow
32:50 Hand Cart
32:23 Arson
33:42 Stone Mining
33:40 Town Watch
42:46 Imperial Age
42:07 Leather Archer Armor
42:13 Town Patrol
44:29 Chemistry
44:04 Ring Archer Armor
43:34 Bracer
44:00 Conscription
44:55 Halberdier
47:08 Elite Samurai
48:19 Chain Mail Armor
48:14 Forging
51:00 Ballistics
53:14 Plate Mail Armor
53:20 Iron Casting
Neo
11:09 Feudal Age
9:25 Loom
11:39 Double-Bit Axe
11:35 Horse Collar
16:28 Gold Mining
19:31 Castle Age
17:18 Town Watch
17:39 Stone Mining
18:50 Bloodlines
19:56 Pikeman
21:06 Bow Saw
21:54 Arson
30:50 Gold Shaft Mining
30:25 Heavy Plow
34:42 Padded Archer Armor
34:32 Fletching
34:52 Forging
36:47 Kamandaran
37:40 Stone Shaft Mining
40:22 Imperial Age
38:09 Husbandry
38:12 Scale Mail Armor
37:42 Crossbowman
39:19 Thumb Ring
38:36 Elite Skirmisher
41:42 Wheelbarrow
41:10 Town Patrol
41:31 Leather Archer Armor
41:11 Bodkin Arrow
44:40 Ring Archer Armor
44:45 Iron Casting
47:41 Chain Mail Armor
49:05 Heavy Camel Rider
53:35 Blast Furnace
53:06 Plate Mail Armor
52:42 Scale Barding Armor
terracotta
0:32 Loom
11:24 Feudal Age
12:09 Horse Collar
18:00 Castle Age
23:45 Double-Bit Axe
27:16 Heavy Plow
31:14 Imperial Age
29:10 Bow Saw
31:28 Murder Holes
31:58 Fletching
32:07 Gold Mining
32:08 Stone Mining
33:21 Two-Man Saw
33:01 Wheelbarrow
33:45 Stone Shaft Mining
33:48 Gold Shaft Mining
33:43 Bodkin Arrow
34:17 Fortified Wall
34:39 Hand Cart
35:24 Ballistics
35:48 Conscription
35:01 Elite Fire Lancer
36:42 Bracer
36:52 Forging
36:46 Great Wall
37:34 Thumb Ring
37:18 Arrowslits
39:11 Masonry
39:07 Town Watch
39:55 Coinage
39:26 Elite Chu Ko Nu
41:51 Iron Casting
41:19 Squires
41:05 Arson
42:27 Architecture
42:42 Rocketry
42:25 Pikeman
45:57 Blast Furnace
44:21 Halberdier
47:21 Scale Mail Armor
47:21 Padded Archer Armor
50:26 Chain Mail Armor
50:26 Leather Archer Armor
53:49 Plate Mail Armor
53:52 Elite Skirmisher
ArepitoElote
12:00 Feudal Age
17:49 Castle Age
Connection lost

Rejoining the realm…

Still unreachable

The connection could not be restored.

Session expired

The server has moved on; the page needs a fresh start.